 Dungeon Crawl Stone Soup version 0.30-a0-626-gd6a5dd7a1f (webtiles) character file.

Game seed: 3846826216432648793

129060 Dirtsage the Zephyrmancer (level 17, -3/117 HPs)
             Began as an Octopode Transmuter on Jan 11, 2023.
             Was the Champion of the Shining One.
             Slain by a wolf spider (9 damage)
             ... on level 2 of the Spider Nest on Jan 12, 2023.
             The game lasted 01:55:44 (29165 turns).

Dirtsage the Zephyrmancer (Octopode Transmuter)    Turns: 29165, Time: 01:55:45

Health: -3/117     AC:  9    Str: 10    XL:     17   Next: 4%
Magic:  0/38       EV: 14    Int: 27    God:    the Shining One [******]
Gold:   375        SH:  0    Dex: 14    Spells: 4/32 levels left

rFire   . . .      SeeInvis .      - Unarmed
rCold   + . .      Faith    .    (no shield)
rNeg    + + +      Spirit   +    (helmet restricted)
rPois   .          Reflect  .    j - amulet of guardian spirit
rElec   .          Harm     .    b - +6 ring of intelligence
rCorr   +          Rampage  .    O - ring of willpower
Will    ++...      Clarity  +    f - ring "Buzonafa" {MP+9 Slay+2}
Stlth   +                        Y - +4 ring of protection
HPRegen 0.39/turn                N - +4 ring of protection
MPRegen 0.26/turn                W - ring of wizardry
                                 I - ring of protection from cold
                                 C - ring of resist corrosion

@: wereblooded, very slightly contaminated, glowing
A: almost no armour, amphibious, 8 rings, camouflage 1, gelatinous body 1,
(nimble swimmer 1), tentacles, clarity
a: Renounce Religion, Divine Shield, Cleansing Flame, Summon Divine Warrior,
Brand Weapon With Holy Wrath


You were on level 2 of the Spider Nest.
You worshipped the Shining One.
The Shining One was exalted by your worship.
You visited 6 branches of the dungeon, and saw 26 of its levels.
You visited 2 bazaars.
You also visited: Sewer, Gauntlet and Ice Cave.

You collected 2433 gold pieces.
You spent 2058 gold pieces at shops.

Inventory:

Missiles
 y - 8 curare-tipped darts
 J - 2 throwing nets
Magical Staves
 A - a staff of earth
 F - a staff of conjuration
Jewellery
 a - a ring of ice
 b - a +6 ring of intelligence (left tentacle)
 c - a ring of flight
 f - the ring "Buzonafa" (on tentacle) {MP+9 Slay+2}
   (You acquired it on level 10 of the Dungeon)

   [ring of magical power]

   Slay:      It affects your accuracy & damage with ranged weapons and melee
   (+2).
   MP:        It affects your magic capacity (+9).
 j - an amulet of guardian spirit (around mantle)
 v - a +6 ring of dexterity
 C - a ring of resist corrosion (on tentacle)
 I - a ring of protection from cold (on tentacle)
 K - the ring "Daateh" {rF- rN++ rCorr AC+4}
   (You found it in a Gauntlet)

   [ring of protection]

   AC:        It affects your AC (+4).
   rF:        It makes you vulnerable to fire.
   rN:        It greatly protects you from negative energy.
   rCorr:     It protects you from acid and corrosion.
 N - a +4 ring of protection (on tentacle)
 O - a ring of willpower (right tentacle)
 T - the ring "Mousaon" {*Corrode rElec rPois Slay+2}
   (You took it off a spriggan on level 5 of the Lair of Beasts)

   [ring of poison resistance]

   Slay:      It affects your accuracy & damage with ranged weapons and melee
   (+2).
   rElec:     It insulates you from electricity.
   rPois:     It protects you from poison.
   *Corrode:  It may corrode you when you take damage.
 U - an amulet of faith
 W - a ring of wizardry (on tentacle)
 X - the amulet "Vuoff" {RegenMP Harm +Inv rC+}
   (You found it on level 15 of the Dungeon)

   [amulet of magic regeneration]

   It increases your rate of magic regeneration.
   rC:        It protects you from cold.
   +Inv:      It lets you turn invisible.
   Harm:      It increases damage dealt and taken.
 Y - a +4 ring of protection (on tentacle)
Wands
 r - a wand of charming (51)
 x - a wand of flame (31)
 E - a wand of light (10)
 H - a wand of polymorph (11)
 L - a wand of mindburst (28)
 S - a wand of iceblast (10)
Scrolls
 e - 4 scrolls of vulnerability
 g - 2 scrolls of fear
 i - 13 scrolls of identify
 k - 11 scrolls of amnesia
 m - 6 scrolls of enchant weapon
 o - 3 scrolls of butterflies
 p - 3 scrolls of immolation
 s - 4 scrolls of poison
 t - 8 scrolls of teleportation
 B - 3 scrolls of blinking
 P - 2 scrolls of fog
 V - 4 scrolls of magic mapping
 Z - a scroll of silence {unknown}
Potions
 d - 7 potions of might
 h - 6 potions of haste
 l - 3 potions of heal wounds
 n - a potion of resistance
 q - 12 potions of curing
 u - a potion of cancellation
 w - 2 potions of ambrosia
 z - 3 potions of attraction
 D - a potion of mutation
 G - a potion of magic
 Q - 3 potions of flight
 R - 2 potions of brilliance
Miscellaneous
 M - a tin of tremorstones (2/2)


   Skills:
 + Level 11.5 Fighting
 * Level 4.5 Dodging
 + Level 12.1 Unarmed Combat
 - Level 8.0 Spellcasting
 - Level 5.0 Conjurations
 * Level 13.5 Transmutations
 - Level 9.0 Ice Magic
 * Level 14.2 Air Magic
 + Level 11.4 Invocations


You had 4 spell levels left.
You knew the following spells:

 Your Spells              Type           Power      Damage    Failure   Level
a - Storm Form            Tmut/Air       36%        N/A       6%          7
b - Wereblood             Tmut           71%        N/A       1%          2
c - Beastly Appendage     Tmut           100%       N/A       0%          1
d - Freezing Cloud        Conj/Ice/Air   29%        6-21      1%          5
e - Frozen Ramparts       Ice            100%       1d16      1%          3
f - Ice Form              Ice/Tmut       64%        N/A       1%          4
g - Lesser Beckoning      Tloc           20%        N/A       6%          3
A - Ozocubu's Armour      Ice            56%        N/A       1%          3

Your spell library contained the following spells:

 Spells                   Type           Power      Damage    Failure   Level
 Freeze                   Ice            100%       1d10      1%          1
 Magic Dart               Conj           100%       1d8       1%          1
 Sting                    Tmut/Pois      100%       1d8       1%          1
 Poisonous Vapours        Pois/Air       98%        N/A       1%          2
 Hailstorm                Conj/Ice       48%        3d11      1%          3
 Mephitic Cloud           Conj/Pois/Air  45%        N/A       1%          3
 Spider Form              Tmut/Pois      47%        N/A       1%          3
 Apportation              Tloc           20%        N/A       2%          1
 Necrotise                Necr           40%        1d6       2%          1
 Summon Small Mammal      Summ           40%        N/A       2%          1
 Dazzling Flash           Conj/Hex       48%        N/A       2%          3
 Call Imp                 Summ           10%        N/A       3%          2
 Sublimation of Blood     Necr           10%        N/A       3%          2
 Gell's Gravitas          Tloc           10%        N/A       6%          3
 Teleport Other           Tloc           10%        N/A       6%          3
 Vampiric Draining        Necr           10%        2d6       6%          3
 Fulminant Prism          Conj/Hex       12%        3d8       8%          4
 Iskenderun's Mystic Bla  Conj/Tloc      24%        2d7       8%          4
 Olgreb's Toxic Radiance  Pois           10%        N/A       21%         4
 Lightning Bolt           Conj/Air       29%        1d45      1%          5
 Silence                  Hex/Air        24%        N/A       3%          5
 Ozocubu's Refrigeration  Ice            28%        4d13      38%         7
 Simulacrum               Ice/Necr       17%        N/A       43%         6
 Agony                    Necr           10%        N/A       47%         5
 Summon Forest            Summ/Tloc      5%         N/A       47%         5
 Summon Mana Viper        Hex/Summ       10%        N/A       47%         5
 Starburst                Conj/Fire      12%        6d5       71%         6
 Summon Cactus Giant      Summ           5%         N/A       95%         6
 Borgnjor's Revivificati  Necr           5%         N/A       100%        8
 Chain Lightning          Conj/Air       29%        3d38      100%        9
 Polar Vortex             Ice            28%        N/A       100%        9


Dungeon Overview and Level Annotations

Branches:
Dungeon (15/15)            Temple (1/1) D:4            Lair (5/5) D:10
  Swamp (0/4) Lair:2       Spider (2/4) Lair:3        Slime (0/5) Lair:5
    Orc (2/2) D:11            Elf (0/3) Orc:2        Vaults (0/5) D:14
 Depths (1/4) D:15          Sewer (visited)           IceCv (visited)
Gauntlet (visited)

Altars:
Elyvilon
Fedhas
Gozag
Hepliaklqana
Kikubaaqudgha
Makhleb
Okawaru
Qazlal
Trog
Uskayaw
Wu Jian
Yredelemnul
Zin
The Shining One
Lugonu

Shops:
D:3 [   D:4 !   D:12 =[?[   Orc:2 =!(!

Portals:
Abyss: Lair:5
Trove: D:10 (give +7 demon whip)

Annotations:
Spider:2 Nikola
Depths:1 Louise


Innate Abilities, Weirdness & Mutations

You cannot wear most types of armour.
You are amphibious.
You can wear up to eight rings at the same time.
Your skin changes colour to match your surroundings (Stealth+).
Your rubbery body absorbs attacks. (AC +1, EV +1)
((You are camouflaged when in or above water. (Stealth+)))
You have tentacles for arms and can constrict up to eight enemies at once.
You possess an exceptional clarity of mind.


Message History

You are lethally poisoned!
The wolf spider poisons you! The wolf spider closely misses you.
The wolf spider barely misses you.
You regained 10 hp, and now have 26/117 hp.
Okay, then.
Casting: Storm Form (dangerous; 6% risk of failure)
Confirm with . or Enter, or press ? or * to list all spells.
Okay, then.
Casting: Storm Form (dangerous; 6% risk of failure)
Confirm with . or Enter, or press ? or * to list all spells.
You don't have enough magic to cast this spell.
You tentacle-slap the wolf spider. You grab the wolf spider.
The wolf spider is lightly wounded.
You constrict the wolf spider.
* * * LOW HITPOINT WARNING * * *
You feel extremely sick. The wolf spider closely misses you.
The wolf spider completely misses you.
You take 7 damage, and have 19/117 hp.
You bludgeon the wolf spider!
The wolf spider is moderately wounded.
You constrict the wolf spider.
* * * LOW HITPOINT WARNING * * *
You feel very sick. The wolf spider misses you. The wolf spider bites you!
* * * LOW HITPOINT WARNING * * *
You are more poisoned.
The wolf spider poisons you!
You take 14 damage, and have 5/117 hp.
You now have 1/38 mp.
You feel much better.
You constrict the wolf spider.
* * * LOW HITPOINT WARNING * * *
You feel extremely sick.
The wolf spider hits you but does no damage.
The wolf spider completely misses you.
You regained 6 hp, and now have 11/117 hp.
You feel better.
You constrict the wolf spider. The wolf spider hits you!
* * * LOW HITPOINT WARNING * * *
The wolf spider bites you.
* * * LOW HITPOINT WARNING * * *
The wolf spider barely misses you. The wolf spider bites you!
You die...

..........#.
..........
........#
.......
!.... #..^#
#...##
#s@..#
#.....#
......#.#
........###
...#....# #.
.....# .
.......
........


You could see a wolf spider.

Vanquished Creatures
  Gastronok (Orc:1)
  A ghost moth (Spider:2)
  An emperor scorpion (Spider:2)
  A reaper (Lair:4)
  A broodmother (Spider:1)
  A stone giant (Depths:1)
  Nessos (Lair:3)
  A minotaur (Gauntlet)
  An ettin (D:15)
  An entropy weaver (Spider:1)
  Fannar (D:10)
  5 hydras
  4 vault guards (D:14)
  A spriggan air mage (Depths:1)
  2 catoblepae
  9 boulder beetles
  3 centaur warriors
  A two-headed ogre (D:13)
  12 death yaks
  3 orc high priests (Orc:2)
  3 thrashing horrors (Lair:5)
  Sonja (D:10)
  10 skeletal warriors (D:14)
  A pharaoh ant (Spider:1)
  A sun moth (Spider:1)
  3 deep trolls (D:15)
  An orb spider (Spider:2)
  7 orc knights
  2 wizards
  A deep elf archer (D:14)
  A deep elf pyromancer (D:14)
  2 steelbarb worms
  6 orc sorcerers
  9 wolf spiders
  4 cyclopes
  A manticore (D:15)
  13 ugly things
  A black mamba (shapeshifter) (Lair:5)
  19 elephants
  2 ice statues (IceCv)
  3 black mambas
  3 demonic crawlers
  4 gargoyles
  A smoke demon (Lair:5)
  The ghost of FabledHydra the Cleaver, a novice MiBe of Trog (D:4)
  5 cane toads
  2 unseen horrors
  A torpor snail (Spider:1)
  4 rime drakes
  2 rime drakes (shapeshifter)
  2 ancient zymes (Lair:5)
  A kobold demonologist (D:14)
  A yaktaur (D:14)
  A tengu conjurer (D:15)
  6 komodo dragons
  Grinder (D:5)
  2 polar bears
  8 trolls
  A large abomination (Lair:5)
  3 meliai (Spider:1)
  2 tyrant leeches (Lair:2)
  2 raiju (Gauntlet)
  3 hornets (D:8)
  22 blink frogs
  16 tarantellas
  5 dream sheep (Lair:5)
  15 jumping spiders
  6 culicivoras
  10 slime creatures
  A ynoxinul (Lair:5)
  2 shadows
  3 wraiths
  38 yaks
  2 vampires
  A dire elephant simulacrum (IceCv)
  5 wyverns
  A human (Lair:4)
  A spriggan (Lair:5)
  6 basilisks
  A steam dragon (Lair:2)
  15 redbacks
  4 vampire mosquitoes (D:11)
  2 chaos spawn (Lair:5)
  2 wargs (Orc:1)
  5 swamp worms
  An acid dragon (D:8)
  11 water moccasins
  Duvessa (D:6)
  A floating eye (shapeshifter) (Lair:5)
  2 black bears
  A sky beast (D:8)
  27 orc warriors
  2 ice beasts
  7 ogres
  13 centaurs
  10 wolves
  A phantom (D:5)
  2 kobold brigands
  11 small abominations (Lair:5)
  16 bullfrogs
  4 necrophages
  5 scorpions
  A cane toad simulacrum (IceCv)
  A wyvern skeleton (D:4)
  11 wights
  Dowan (D:6)
  An elephant simulacrum (IceCv)
  6 killer bees (D:9)
  2 howler monkeys
  20 orc priests
  6 hounds
  4 jellies
  4 iguanas
  13 orc wizards
  5 hell rats (Lair:4)
  A lightning spire (Gauntlet)
  A polar bear simulacrum (IceCv)
  A killer bee zombie (D:4)
  8 gnolls
  A howler monkey skeleton (D:4)
  9 adders
  A river rat (D:4)
  2 white imps
  2 ufetubi
  5 worms
  A dart slug (D:2)
  57 orcs
  22 ball pythons
  4 bats
  6 endoplasms
  7 giant cockroaches
  6 goblins
  3 hobgoblins
  2 jackals (D:2)
  11 quokkas
  12 frilled lizards
  11 kobolds
  9 rats
733 creatures vanquished.

Vanquished Creatures (others)
  A wyvern (Lair:3)
  20 demonic plants (Gauntlet)
  32 fungi
  39 plants
92 creatures vanquished.

Grand Total: 825 creatures vanquished

Notes
Turn   | Place    | Note
-------+----------+-------------------------------------------
     0 | D:1      | Dirtsage the Octopode Transmuter began the quest for the
                  | Orb.
     0 | D:1      | Reached XP level 1. HP: 13/13 MP: 3/3
   208 | D:1      | Reached skill level 1 in Ice Magic
   208 | D:1      | Reached XP level 2. HP: 18/18 MP: 3/5
   745 | D:2      | Reached XP level 3. HP: 17/23 MP: 4/6
   759 | D:2      | Learned a level 2 spell: Wereblood
   818 | D:2      | Found a faded altar of an unknown god.
  1580 | D:2      | Reached XP level 4. HP: 25/28 MP: 5/7
  1944 | D:3      | Found Ajey's Antique Armour Shop.
  2020 | D:3      | Noticed a scorpion
  2030 | D:3      | Learned a level 4 spell: Ice Form
  2042 | D:3      | Killed a scorpion
  2043 | D:3      | Reached XP level 5. HP: 33/33 MP: 3/8
  2714 | D:4      | Found a glowing drain.
  2722 | Sewer    | Entered a sewer
  2907 | Sewer    | Reached XP level 6. HP: 38/38 MP: 3/9
  3020 | D:4      | You are sucked into a shaft and drop 2 floors!
  3029 | D:6      | Noticed an orc warrior
  3161 | D:6      | Reached skill level 5 in Transmutations
  3261 | D:6      | Reached XP level 7. HP: 43/43 MP: 6/10
  3338 | D:6      | Reached skill level 5 in Ice Magic
  3471 | D:5      | Entered Level 5 of the Dungeon
  3709 | D:4      | Found a stormy altar of Qazlal.
  3891 | D:4      | Found Kenanab's Distillery.
  3903 | D:4      | Bought a potion of heal wounds for 60 gold pieces
  3903 | D:4      | Bought a potion of invisibility for 96 gold pieces
  3903 | D:4      | Bought a potion of degeneration for 12 gold pieces
  3903 | D:4      | Bought a potion of might for 48 gold pieces
  3903 | D:4      | Bought a potion of curing for 36 gold pieces
  3903 | D:4      | Bought a potion of attraction for 36 gold pieces
  3967 | D:4      | Found a runed translucent gate.
  3967 | D:4      | Found a runed translucent gate.
  3969 | D:4      | Found a runed translucent gate.
  3972 | D:4      | Noticed FabledHydra's ghost (novice MiBe)
  3983 | D:4      | Found a staircase to the Ecumenical Temple.
  3996 | Temple   | Entered the Ecumenical Temple
  4012 | Temple   | Became a worshipper of the Shining One
  4031 | D:4      | Reached XP level 8. HP: 48/48 MP: 11/11
  4361 | D:4      | Killed FabledHydra's ghost
  4761 | D:5      | Reached skill level 1 in Conjurations
  4761 | D:5      | Reached skill level 1 in Air Magic
  4903 | D:5      | Noticed Grinder
  4937 | D:5      | Paralysed by Grinder for 3 turns
  4944 | D:5      | Killed Grinder
  4945 | D:5      | Reached XP level 9. HP: 52/53 MP: 8/12
  4951 | D:5      | Learned a level 5 spell: Freezing Cloud
  5736 | D:6      | Reached skill level 2 in Air Magic
  5738 | D:6      | Noticed Duvessa
  5738 | D:6      | Noticed Dowan
  5750 | D:6      | Killed Duvessa
  5761 | D:6      | Killed Dowan
  6059 | D:7      | Reached * piety under the Shining One
  6287 | D:7      | Reached skill level 5 in Unarmed Combat
  6690 | D:7      | Reached skill level 3 in Air Magic
  7035 | D:7      | Reached skill level 1 in Invocations
  7177 | D:7      | Identified the +1 dagger of the Queen {pain, rF+ rCorr
                  | Stlth-}
  7478 | D:7      | Reached XP level 10. HP: 58/58 MP: 8/13
  7517 | D:7      | Found a burning altar of Makhleb.
  8253 | D:8      | Reached ** piety under the Shining One
  8269 | D:8      | Reached skill level 4 in Air Magic
  8482 | D:8      | HP: 4/88 [poisoned by a hornet]
  8768 | D:9      | Saving game... please wait.
  9197 | D:9      | Reached skill level 5 in Air Magic
  9368 | D:9      | Reached skill level 5 in Conjurations
  9997 | D:10     | Entered Level 10 of the Dungeon
  9997 | D:10     | Noticed Fannar
 10051 | D:10     | Noticed a red ugly thing
 10066 | D:10     | Found a portal to a secret trove of treasure.
 10066 | D:10     | Noticed Sonja
 10084 | D:10     | HP: 2/70 [Sonja/+0 short sword of venom (4)]
 10093 | D:10     | Killed Sonja
 10094 | D:10     | Reached XP level 11. HP: 12/67 MP: 1/16
 10350 | D:10     | Reached skill level 6 in Air Magic
 10452 | D:10     | Killed a red ugly thing
 10473 | D:10     | Killed Fannar
 10551 | D:10     | Found a staircase to the Lair.
 10815 | D:10     | Identified a scroll of acquirement
 10816 | D:10     | Acquired the ring "Buzonafa" {MP+9 Slay+2}
 10913 | D:11     | Found a gate leading to a gauntlet.
 10923 | D:11     | Identified the +8 chain mail of Hicyxt {Int+2}
 10961 | D:11     | Found a staircase to the Orcish Mines.
 11005 | Gauntlet | Entered a Gauntlet
 11005 | Gauntlet | Noticed a catoblepas
 11005 | Gauntlet | Found a transporter.
 11005 | Gauntlet | Found a transporter.
 11005 | Gauntlet | Found a transporter.
 11021 | Gauntlet | Found a transporter.
 11025 | Gauntlet | Found a transporter.
 11035 | Gauntlet | Found a transporter.
 11039 | Gauntlet | Found a transporter.
 11042 | Gauntlet | Noticed a hell hog
 11046 | Gauntlet | Reached *** piety under the Shining One
 11054 | Gauntlet | Found a transporter.
 11074 | Gauntlet | Found a transporter.
 11077 | Gauntlet | Found a transporter.
 11081 | Gauntlet | Found a transporter.
 11091 | Gauntlet | Found a transporter.
 11250 | Gauntlet | Killed a catoblepas
 11251 | Gauntlet | Reached skill level 5 in Invocations
 11368 | Gauntlet | Reached skill level 9 in Air Magic
 11368 | Gauntlet | Reached XP level 12. HP: 80/80 MP: 18/18
 11389 | Gauntlet | Identified the +0 helmet of Coniril {Rampage}
 11560 | Gauntlet | Identified the ring "Daateh" {rF- rN++ rCorr AC+4}
 11600 | Gauntlet | Noticed a minotaur
 11613 | Gauntlet | Killed a minotaur
 11652 | Gauntlet | Identified the +1 steam dragon scales of Existentialism
                  | {Will+ Int+3}
 11814 | D:11     | Noticed a boulder beetle
 11849 | D:11     | Killed a boulder beetle
 11971 | D:11     | Reached skill level 5 in Spellcasting
 12224 | D:12     | Found Ybioc's Magic Scroll Boutique.
 12251 | D:12     | Bought a scroll of identify for 22 gold pieces
 12251 | D:12     | Bought a scroll of teleportation for 33 gold pieces
 12251 | D:12     | Bought a scroll of teleportation for 33 gold pieces
 12251 | D:12     | Bought a scroll of identify for 22 gold pieces
 12251 | D:12     | Noticed a boulder beetle
 12259 | D:12     | Killed a boulder beetle
 12463 | D:12     | Reached XP level 13. HP: 78/86 MP: 17/20
 13059 | D:12     | Found Zamanip's Jewellery Emporium.
 13170 | D:12     | Found Lerusu's Antique Armour Emporium.
 13183 | D:12     | Found a gateway to a bazaar.
 13192 | Bazaar   | Entered a bazaar
 13196 | Bazaar   | Found Iqunysal's Antique Weapon Boutique.
 13218 | Bazaar   | Found Jeykarag's Antique Armour Emporium.
 13239 | Bazaar   | Found Hub Icie's Book Boutique.
 13244 | Bazaar   | Bought Sif Muna's Quarto of Aerial Support for 400 gold
                  | pieces
 13259 | Bazaar   | Found Boanub Nooli's Armour Shoppe.
 13319 | D:12     | Reached skill level 10 in Air Magic
 13374 | D:12     | Found Fonacec's Antique Armour Boutique.
 13460 | Lair:1   | Entered Level 1 of the Lair of Beasts
 13693 | Lair:1   | Learned a level 3 spell: Frozen Ramparts
 14343 | Lair:1   | Reached **** piety under the Shining One
 14729 | Lair:2   | Identified the +2 chain mail of Pantheism {*Corrode rElec
                  | Dex+8 Stlth+}
 15490 | Lair:2   | Found a staircase to the Swamp.
 16029 | Lair:3   | Reached XP level 14. HP: 95/95 MP: 24/24
 16049 | Lair:3   | Found a frozen archway.
 16064 | IceCv    | Entered an ice cave
 16304 | IceCv    | Found a transporter.
 16318 | IceCv    | Found a transporter.
 16490 | IceCv    | Learned a level 3 spell: Ozocubu's Armour
 16609 | Lair:3   | Noticed Nessos
 16626 | Lair:3   | Killed Nessos
 16884 | Lair:3   | Found a hole to the Spider Nest.
 16986 | Lair:3   | Reached skill level 10 in Transmutations
 16989 | Lair:3   | Reached skill level 11 in Air Magic
 17236 | Lair:3   | Identified the +6 rapier "Qeggeekk" {holy, rN+ rCorr
                  | Stlth+}
 18196 | Lair:4   | Reached skill level 10 in Unarmed Combat
 18295 | Lair:4   | Got the Discursus on Evil Rites
 18860 | Lair:4   | Found a runed translucent door.
 18877 | Lair:4   | Noticed a reaper
 18890 | Lair:4   | Killed a reaper
 19067 | Lair:5   | Entered Level 5 of the Lair of Beasts
 19612 | Lair:5   | Found a staircase to the Slime Pits.
 19753 | Lair:5   | Reached XP level 15. HP: 103/103 MP: 27/27
 19840 | Lair:5   | Reached ***** piety under the Shining One
 19994 | Lair:5   | Reached skill level 10 in Fighting
 20029 | Lair:5   | Got the Vademecum on Ouranomancy and Obstruction
 20122 | Lair:5   | Reached skill level 12 in Air Magic
 20137 | Lair:5   | Paralysed by a floating eye for 4 turns
 20142 | Lair:5   | Identified the ring "Mousaon" {*Corrode rElec rPois Slay+2}
 20313 | Lair:5   | Found a corrupted altar of Lugonu.
 20313 | Lair:5   | Found a one-way gate to the infinite horrors of the Abyss.
 21054 | Orc:1    | Entered Level 1 of the Orcish Mines
 21354 | Orc:2    | Entered Level 2 of the Orcish Mines
 21495 | Orc:1    | Noticed Gastronok
 21509 | Orc:1    | Killed Gastronok
 21510 | Orc:1    | Reached skill level 10 in Invocations
 21697 | Orc:2    | Found a staircase to the Elven Halls.
 22362 | Orc:2    | Found Qemporuq's Jewellery Shoppe.
 22362 | Orc:2    | Found Kusifos's Distillery.
 22364 | Orc:2    | Found Vomusm's Distillery.
 22364 | Orc:2    | Found Quisedui's Weapon Boutique.
 22378 | Orc:2    | Learned a level 7 spell: Storm Form
 22388 | Orc:2    | Bought a ring of wizardry for 450 gold pieces
 23186 | D:13     | Reached ****** piety under the Shining One
 24473 | D:14     | Gained mutation: You possess an exceptional clarity of
                  | mind. [a neqoxec]
 24475 | D:14     | Reached skill level 13 in Air Magic
 24493 | D:14     | Found a gate to the Vaults.
 24503 | D:14     | Reached XP level 16. HP: 68/111 MP: 10/28
 24612 | D:14     | Found a flickering gateway to a bazaar.
 24653 | Bazaar   | Entered a bazaar
 24722 | Bazaar   | Found Wicrusm's Jewellery Shop.
 24734 | Bazaar   | Found Nijanlon's Antique Armour Shop.
 24767 | Bazaar   | Bought a ring of resist corrosion for 200 gold pieces
 24769 | Bazaar   | Bought a ring of willpower for 250 gold pieces
 24769 | Bazaar   | Bought a +6 ring of intelligence for 360 gold pieces
 25904 | D:15     | Entered Level 15 of the Dungeon
 26499 | D:15     | Found a staircase to the Depths.
 26793 | D:15     | Identified the amulet "Vuoff" {RegenMP Harm +Inv rC+}
 27055 | D:15     | Saving game... please wait.
 27091 | Depths:1 | Entered Level 1 of the Depths
 27091 | Depths:1 | Noticed Louise
 27549 | Spider:1 | Entered Level 1 of the Spider Nest
 28120 | Spider:1 | Reached skill level 14 in Air Magic
 28923 | Spider:2 | Learned a level 3 spell: Lesser Beckoning
 28928 | Spider:2 | Reached XP level 17. HP: 87/117 MP: 9/29
 28968 | Spider:2 | Saving game... please wait.
 29150 | Spider:2 | Identified the +0 pair of gloves of Didwif {rN+}
 29150 | Spider:2 | Noticed Nikola
 29163 | Spider:2 | HP: 5/117 [wolf spider (9)]
 29165 | Spider:2 | Slain by a wolf spider

Illustrated notes

Levels and vault maps discovered:
D:1:      minmay_arrival_radiant_lines, layout_loops_ring
D:2:      layout_basic, chequers_ecumenical_altar_simple_redux,
          minmay_small_reverse_x
D:3:      layout_rooms, serial_shops, nicolae_shop_hallway_stairs
D:4:      layout_basic, grunt_qazlal_clouds, minmay_temple_entry_proselytizer,
          gammafunk_ghost_necromancy, serial_shops, shop_statue,
          portal_sewer_entry_e
D:5:      layout_rooms, nicolae_hexahallways, uniq_grinder
D:6:      layout_loops_ring, minivault_10, small_statue_intersection,
          uniq_duvessa
D:7:      layout_layer_cave, lemuel_coloured_pillars_altar
D:8:      layout_rooms
D:9:      layout_basic
D:10:     layout_rooms, lair_entry_dummy, enter_trove_1, uniq_sonja, uniq_fannar
D:11:     layout_big_octagon, david_orc_2, gauntlet_entry_generic
D:12:     layout_roguey, special_room [special_room_orc], serial_shops,
          bzr_entry_islet, nicolae_stop_n_shop_1, nicolae_shop_behind_doors,
          shop, nicolae_shop_trees
D:13:     layout_layer_cave
D:14:     layout_basic, grunt_vaults_entry_fortified, serial_shops,
          bzr_entry_dummy, reono_crystal_passage
D:15:     hangedman_depths_entry_civil_slaughter, layout_loops_cross,
          chequers_serial_rivers_small_3
Temple:   nicolae_temple_bog_church
Lair:1:   layout_loops_ring, cheibrodos_lair_reptile_den
Lair:2:   layout_roguey, palyth_hydra_swamp_entry, grunt_megastairs_1,
          serial_bayou_shore_b, infiniplex_staircase_pool_2,
          serial_bayou_shore_a
Lair:3:   layout_cave_shapes, spider_nest_entry_web_field, portal_ice_cave_rime,
          uniq_nessos
Lair:4:   layout_long_grid, pdpol_lair_cabin_in_the_woods, grunt_megastairs_5
Lair:5:   hellmonk_lair_end_abyssal_woods, layout_regular_city,
          nicolae_slime_entry_slimehenge
Spider:1: layout_spider_delve
Spider:2: nicolae_spider_jumping_over_cracks
          [nicolae_spider_jumping_sub_no_exit, nicolae_spider_jumping_sub_lanes,
          nicolae_spider_jumping_sub_plain, nicolae_spider_jumping_sub_plain],
          ebering_ghost_reflecting_pool, uniq_nikola
Orc:1:    layout_diamond_mine, basic_altar, uniq_gastronok
Orc:2:    grunt_orc_tribal_feast, layout_diamond_mine
Depths:1: layout_cave_shapes, enter_ziggurat_d, grunt_hell_horde,
          serial_bayou_pond_a, nicolae_abyss_entry_one_way_or_another,
          grunt_dithmenos_smoke_and_mirrors, minmay_shoptagon

Skill      XL: |  1  2  3  4  5  6  7  8  9 10 11 12 13 14 15 16 |
---------------+-------------------------------------------------+-----
Ice Magic      | 1 2 3 4 6 7 8 9 |  9.0
Transmutations | 3 4 5 6 7 8 9 10 12 13 | 13.5
Conjurations   | 1 3 5 |  5.0
Air Magic      | 1 3 5 9 10 11 13 14 | 14.2
Unarmed Combat | 4 5 7 8 9 10 11 12 | 12.1
Invocations    | 1 3 5 6 7 9 10 11 | 11.4
Fighting       | 3 6 7 8 9 10 11 | 11.5
Spellcasting   | 3 4 5 6 8 |  8.0
Dodging        | 4 |  4.5

Action                   |  1- 3 |  4- 6 |  7- 9 | 10-12 | 13-15 | 16-18 || total
-------------------------+-------+-------+-------+-------+-------+-------++-------
Melee: Unarmed           |    78 |   115 |   208 |   291 |   701 |   274 ||  1667
       Constrict         |    26 |    18 |     1 |       |     3 |     2 ||    50
       Tentacles         |    13 |    11 |     1 |       |     5 |     1 ||    31
       Punch             |     6 |     1 |       |     2 |     7 |    23 ||    39
       Kick              |    17 |    17 |       |       |       |       ||    34
 Cast: Beastly Appendage |    18 |     8 |       |       |       |     1 ||    27
       Ice Form          |       |     7 |    29 |    30 |    77 |       ||   143
       Wereblood         |       |       |     7 |     8 |     7 |     7 ||    29
       Freezing Cloud    |       |       |       |    13 |    67 |     6 ||    86
       Frozen Ramparts   |       |       |       |       |    43 |     8 ||    51
       Ozocubu's Armour  |       |       |       |       |     3 |     4 ||     7
       Storm Form        |       |       |       |       |     8 |    26 ||    34
       Lesser Beckoning  |       |       |       |       |       |     3 ||     3
Invok: Divine Shield     |       |       |       |     3 |     6 |       ||     9
 Abil: Blinkbolt         |       |       |       |       |       |     1 ||     1
Evoke: Tin of tremorston |       |       |     2 |     2 |     2 |       ||     6
       Wand              |       |       |     1 |     8 |     7 |       ||    16
  Use: Scroll            |       |       |     8 |    10 |     6 |     2 ||    26
       Potion            |       |       |     1 |     9 |     1 |     5 ||    16
 Stab: Sleeping          |     2 |     6 |     1 |       |       |       ||     9
Armor: Skin              |     4 |    23 |    56 |   100 |   311 |   136 ||   630
Dodge: Dodged            |    44 |    61 |    89 |   120 |   280 |   244 ||   838
Block: Other             |       |       |       |    11 |    36 |       ||    47

Table legend: (Time is in decaauts)
 A = Elapsed time spent in this place.
 B = Non-inter-level travel time spent in this place.
 C = Inter-level travel time spent in this place.
 D = Time resting spent in this place.
 E = Time spent auto-exploring this place.
 F = Levels seen in this place.
 G = Mean time per level.
                   A        B        C        D        E       F      G
               +--------+--------+--------+--------+--------+-----+--------+
         Total |  28898 |  27126 |   1772 |   2266 |  19653 |  31 |  932.2 |
       Dungeon |  16947 |  15702 |   1245 |   1225 |  11966 |  15 | 1129.8 |
        Temple |     27 |     17 |     10 |      0 |      0 |   1 |   27.0 |
          Lair |   7105 |   6742 |    363 |    498 |   4952 |   5 | 1421.0 |
   Spider Nest |   1583 |   1562 |     21 |    118 |   1111 |   2 |  791.5 |
  Orcish Mines |   1644 |   1512 |    132 |     57 |   1074 |   2 |  822.0 |
        Depths |     13 |     13 |      0 |      0 |      0 |   1 |   13.0 |
        Bazaar |    263 |    263 |      0 |     23 |    183 |   2 |  131.5 |
         Sewer |    244 |    244 |      0 |      0 |     59 |   1 |  244.0 |
      Ice Cave |    410 |    410 |      0 |    191 |    146 |   1 |  410.0 |
      Gauntlet |    659 |    659 |      0 |    154 |    162 |   1 |  659.0 |
               +--------+--------+--------+--------+--------+-----+--------+

Top non-repeatable levels by time:
  Lair:5: 1784 daAuts
     D:7: 1734 daAuts
  Lair:2: 1552 daAuts
     D:9: 1528 daAuts
  Lair:4: 1503 daAuts
    D:15: 1427 daAuts
    D:14: 1340 daAuts
     D:2: 1296 daAuts
  Lair:1: 1294 daAuts
    D:13: 1291 daAuts
     D:4: 1274 daAuts
     D:5: 1167 daAuts
    D:12: 1137 daAuts
   Orc:2: 1108 daAuts
     D:8: 1056 daAuts
